 Dungeon Crawl Stone Soup version 0.23-a0-208-gb6b040f (webtiles) character file.

1667 KristoblXynda the Ruffian (level 8, -2/66 (67) HPs)
             Began as a Troll Wizard on Sept 25, 2018.
             Was an Initiate of Ashenzari.
             Shot with a sling bullet by Joseph (18 damage)
             ... on level 7 of the Dungeon.
             The game lasted 00:12:01 (5988 turns).

KristoblXynda the Ruffian (Troll Wizard)            Turns: 5988, Time: 00:12:01

HP:   -2/66 (67)    AC:  5    Str: 16    XL:     8   Next: 69%
MP:   7/10          EV:  9    Int: 16    God:    Ashenzari [......]
Gold: 458           SH:  0    Dex:  8    Spells: 7/11 levels left

rFire    . . .     SeeInvis .     - Unarmed
rCold    . . .     Gourm    +   (no shield)
rNeg     . . .     Faith    .   a - +0 robe
rPois    .         Spirit   .   b - +0 hat
rElec    .         Reflect  .   (no cloak)
rCorr    .         Harm     .   (gloves unavailable)
MR       .....                  (boots unavailable)
Stlth    +.........             (no amulet)
HPRegen  0.61/turn              (no ring)
MPRegen  0.12/turn              (no ring)

@: very slightly contaminated, drained
A: large, unfitting armour, claws 3, fast metabolism 3, gourmand, regeneration
1, shaggy fur 1, tough skin 2
a: Curse Item, Renounce Religion


You were on level 7 of the Dungeon.
You worshipped Ashenzari.
Ashenzari was noncommittal.
You were completely stuffed.

You visited 2 branches of the dungeon, and saw 8 of its levels.
You also visited: Ossuary.

You collected 458 gold pieces.

Inventory:

Armour
 a - a +0 robe (worn)
 b - a +0 hat (worn)
Scrolls
 e - 2 scrolls of amnesia
 f - 6 scrolls of remove curse
 h - 3 scrolls of teleportation
 i - a scroll of immolation {unknown}
 j - a scroll of enchant armour {unknown}
 l - a scroll of random uselessness {unknown}
 n - a scroll of magic mapping
 r - 2 scrolls of enchant weapon {unknown}
Potions
 c - 2 potions of curing
 k - 3 potions of haste
 m - 2 potions of mutation
 o - a potion of lignification
 p - a potion of might
 q - a potion of cancellation
 s - a potion of invisibility
Comestibles
 d - 4 rations
 t - 2 chunks of flesh


   Skills:
 - Level 1.5(1.2) Dodging
 - Level 1.0(0.7) Stealth
 + Level 7.7(7.4) Unarmed Combat
 - Level 2.0(1.6) Spellcasting
 + Level 6.0(5.6) Conjurations
   Level 0.6(0.3) Summonings
   Level 0.6(0.3) Translocations


You had 7 spell levels left.
You knew the following spells:

 Your Spells              Type           Power        Failure   Level  Hunger
a - Magic Dart            Conj           ###.         2%          1    ##.....
b - Mephitic Cloud        Conj/Pois/Air  #.......     30%         3    ####...

Your spell library contained the following spells:

 Spells                   Type           Power        Failure   Level  Hunger
 Conjure Flame            Conj/Fire      ##......     21%         3    ####...
 Blink                    Tloc           N/A          28%         2    ###....
 Call Imp                 Summ           #.......     28%         2    ###....
 Slow                     Hex            #.......     32%         2    ###....


Dungeon Overview and Level Annotations

Branches:
Dungeon (7/15)             Temple (1/1) D:5

Altars:
Ashenzari
Cheibriados
Dithmenos
Elyvilon
Fedhas
Gozag
Hepliaklqana
Kikubaaqudgha
Nemelex Xobeh
Okawaru
Qazlal
Ru
Sif Muna
Trog
Uskayaw
Vehumet
Wu Jian
Yredelemnul
Zin
The Shining One

Annotations:
D:4 2 runed doors, coffeespoons's ghost, novice GrFi
D:7 Joseph


Innate Abilities, Weirdness & Mutations

You are too large for most types of armour.
You have claws for hands.
Your metabolism is lightning-fast.
You like to eat raw meat.
Your natural rate of healing is unusually fast.
You are covered in fur. (AC +1)
You have very tough skin. (AC +2)


Message History

Joseph unwields an uncursed quarterstaff.
Joseph wields a hunting sling.
Joseph shoots a sling bullet.
The sling bullet hits you!
You see here a sling bullet.
Joseph shoots a sling bullet.
The sling bullet hits you.
You see here a sling bullet.
Joseph shoots a sling bullet.
The sling bullet hits you!
* * * LOW HITPOINT WARNING * * *
Okay, then.
Okay, then.
Casting: Magic Dart (safe; 2% risk of failure)
Confirm with . or Enter, or press ? or * to list all spells.
Aiming: Mephitic Cloud (safe; 30% risk of failure)
Press: ? - help, Shift-Dir - straight line, f - Joseph
Aim: Joseph, wielding a hunting sling and wearing a leather armour You miscast Mephitic Cloud.
You are very lightly contaminated with residual magic.
You feel faint for a moment.
Joseph shoots a sling bullet.
The sling bullet hits you!!
You die...

#.# #..# #.# #..#
#.# #..# #.#
#..#######
##.####..@......
#.....<..######
#.[#####.# #<..#
#.# #.#.# #@#
#.#.# #(# ....#
#z#
.....####(#####.#
##.
.....##.o(......#
... .###.
#.........# ...
.. .##.z.######.
#.# ##.## #.# #.#
#.#


You could see Joseph, 2 wights and an orc.

Vanquished Creatures
  An ice beast (D:5)
  A water moccasin (D:6)
  A sky beast (D:6)
  A phantom (D:6)
  A necrophage (D:6)
  A centaur (D:6)
  3 bullfrogs (D:6)
  3 scorpions
  2 wights (D:7)
  A crimson imp (D:5)
  A centaur zombie (D:5)
  A jelly (D:4)
  A bullfrog zombie (D:5)
  An orc priest (D:2)
  A bullfrog skeleton (D:6)
  A hound (D:6)
  3 orc wizards
  2 centaur skeletons
  Jessica (D:2)
  Terence (D:3)
  A worker ant (D:6)
  A hound zombie (D:5)
  8 mummies (Ossuary)
  4 gnolls
  4 adders
  A shadow imp (D:6)
  2 oozes
  2 adder zombies (D:6)
  2 worms
  2 leopard geckos
  9 orcs
  4 ball pythons
  4 bats
  5 giant cockroaches
  A gnoll zombie (Ossuary)
  5 goblins (D:1)
  4 hobgoblins
  2 jackals (D:6)
  3 frilled lizards
  2 hobgoblin zombies (Ossuary)
  4 kobolds
  3 kobold zombies (Ossuary)
  2 orc zombies (Ossuary)
  A quokka zombie (D:5)
  A rat (D:2)
105 creatures vanquished.

Notes
Turn   | Place    | Note
-------+----------+-------------------------------------------
     0 | D:1      | KristoblXynda the Troll Wizard began the quest for the Orb.
     0 | D:1      | Reached XP level 1. HP: 16/16 MP: 2/2
   169 | D:1      | Reached skill level 1 in Conjurations
   181 | D:1      | Reached skill level 1 in Unarmed Combat
   199 | D:1      | Reached XP level 2. HP: 24/24 MP: 4/4
   962 | D:2      | Reached XP level 3. HP: 24/31 MP: 5/5
  1010 | D:2      | Found a glowing silver altar of Zin.
  1064 | D:2      | Noticed Jessica
  1070 | D:2      | Learned a level 3 spell: Mephitic Cloud
  1073 | D:2      | Killed Jessica
  1073 | D:2      | Reached skill level 2 in Unarmed Combat
  2027 | D:3      | Noticed Terence
  2043 | D:3      | Killed Terence
  2043 | D:3      | Reached XP level 4. HP: 33/39 MP: 3/6
  2231 | D:2      | Reached skill level 3 in Unarmed Combat
  2520 | D:4      | Found a runed door.
  2572 | D:4      | Noticed coffeespoons's ghost (novice GrFi)
  2572 | D:4      | Noticed a bullfrog
  2646 | D:4      | Found a glowing golden altar of the Shining One.
  2647 | D:4      | Found a sacrificial altar of Ru.
  2648 | D:4      | Found a sparkling altar of Nemelex Xobeh.
  2649 | D:4      | Found a shadowy altar of Dithmenos.
  2672 | D:4      | Reached XP level 5. HP: 41/45 MP: 7/7
  2820 | D:4      | Found a hazy altar of Hepliaklqana.
  2877 | D:4      | Found a stormy altar of Qazlal.
  2966 | D:4      | Found a runed door.
  3279 | D:5      | Entered Level 5 of the Dungeon
  3291 | D:5      | Reached skill level 4 in Unarmed Combat
  3291 | D:5      | Reached XP level 6. HP: 37/53 MP: 4/8
  3421 | D:5      | Found a sand-covered staircase.
  3425 | Ossuary  | Entered an ossuary
  4069 | D:5      | Reached skill level 5 in Unarmed Combat
  4069 | D:5      | Reached XP level 7. HP: 55/59 MP: 4/9
  4105 | D:5      | Found a faded altar of an unknown god.
  4107 | D:5      | Found a staircase to the Ecumenical Temple.
  4117 | Temple   | Entered the Ecumenical Temple
  4160 | Temple   | Became a worshipper of Ashenzari the Shackled
  4691 | D:6      | Reached skill level 6 in Unarmed Combat
  4809 | D:6      | Reached skill level 5 in Conjurations
  4809 | D:6      | Reached XP level 8. HP: 36/66 MP: 4/10
  5000 | D:6      | Reached skill level 7 in Unarmed Combat
  5707 | D:7      | Noticed Joseph
  5988 | D:7      | Shot with a sling bullet by Joseph

Vault maps used:
D:1:      dpeg_arrival_rhombus, minivault_11
D:2:      zin_scriptorium, uniq_jessica
D:3:      uniq_terence
D:4:      chequers_temple_overflow_statue_of_worship,
          grunt_temple_overflow_open, first_ration, ebering_ghost_sewer_f
D:5:      nicolae_temple_entry_ecumenical, enter_ossuary_5,
          grunt_decor_one_mirror, minmay_stone_trees_medium, solitary_fountain
D:6:      glass_columns_a
D:7:      uniq_joseph
Temple:   cyrus_circular_temple
Ossuary:  ossuary_tomb_3

Skill      XL: |  1  2  3  4  5  6  7  8 |
---------------+-------------------------+-----
Conjurations   | 1 2 3 5 6 |  6.0
Unarmed Combat | 1 2 3 4 5 6 7 |  7.7
Dodging        | |  1.5
Stealth        | |  1.0
Spellcasting   | |  2.0
Summonings     | |  0.6
Translocations | |  0.6

Action                   |  1- 3 |  4- 6 |  7- 9 || total
-------------------------+-------+-------+-------++-------
Melee: Unarmed           |    99 |   127 |   145 ||   371
       Punch             |     1 |       |     3 ||     4
 Cast: Magic Dart        |     3 |    28 |    22 ||    53
       Mephitic Cloud    |       |       |     2 ||     2
Evoke: Wand              |       |    10 |     8 ||    18
  Use: Scroll            |       |     8 |     5 ||    13
       Potion            |       |     3 |       ||     3
 Stab: Sleeping          |     1 |     1 |       ||     2
  Eat: Chunk             |    17 |     3 |    21 ||    41
       Ration            |       |     4 |     2 ||     6
Armor: Robe              |    40 |    23 |    41 ||   104
Dodge: Dodged            |    47 |    48 |    66 ||   161

Table legend:
 A = Non-vault XP
 B = Vault XP
 C = Vault XP percentage of total XP
 D = Non-vault monster count
 E = Vault monster count
 F = Vault count percentage of total count
                 A         B        C        D         E       F
            +---------+---------+-------+---------+---------+-------
      Total |    2156 |     226 |   9.5 |      87 |      18 |  17.1
            +---------+---------+-------+---------+---------+-------
        D:1 |      25 |       0 |   0.0 |      15 |       0 |   0.0
        D:2 |      65 |      37 |  36.3 |      14 |       1 |   6.7
        D:3 |       9 |      36 |  80.0 |       4 |       1 |  20.0
        D:4 |     152 |       0 |   0.0 |      11 |       0 |   0.0
        D:5 |     504 |       0 |   0.0 |      12 |       0 |   0.0
        D:6 |    1164 |       0 |   0.0 |      24 |       0 |   0.0
        D:7 |     237 |       0 |   0.0 |       7 |       0 |   0.0
    Ossuary |       0 |     153 | 100.0 |       0 |      16 | 100.0
            +---------+---------+-------+---------+---------+-------
